Map: Acid Plant LE

Players

BluE

  • Race: Protoss Protoss
  • Spawn Location: 11:00

Stephano - Winner!

  • Race: Zerg Zerg
  • Spawn Location: 5:00

Event: IEM Season 12 - Katowice

VOD

Have the link to the VOD?

Description

Time

  • Played on: Feb. 26, 2018, 5:42 a.m.
  • Length: 3:28

All games in this series

Show
View Real Time Build Order
Export as new Build Order

BluE Protoss 

Build Orders:  

Get SALT Encoding   

  12  0:02  Probe  
  13  0:14  Probe  
  14  0:26  Probe  
  15  0:41  Pylon  
  15  1:00  Gateway  
  15  1:01  Gateway  
  15  1:04  Gateway  
  15  1:12  Gateway  
  15  1:19  Pylon  
  15  1:45  Zealot (Chrono Boost)  
  21  1:57  Zealot (Chrono Boost)  
  21  2:00  Zealot (Chrono Boost)  
  23  2:02  Zealot (Chrono Boost)  
  23  2:05  Zealot (Chrono Boost)  
  23  2:07  Pylon  
  27  2:21  Zealot (Chrono Boost)  
  29  2:23  Zealot (Chrono Boost)  
  29  2:26  Zealot (Chrono Boost)  
  31  2:34  Zealot  
  33  2:43  Zealot  
  35  2:50  Zealot  
  34  2:58  Zealot  
Show
View Real Time Build Order
Export as new Build Order

Stephano Zerg - Winner!

Build Orders: Hatch First 

Get SALT Encoding   

  12  0:00  Drone  
  13  0:12  Overlord  
  13  0:17  Drone  
  14  0:30  Drone  
  14  0:31  Drone  
  16  0:48  Hatchery  
  15  0:51  Drone  
  15  0:54  Drone  
  17  0:58  Drone  
  18  1:08  Extractor  
  17  1:13  Spawning Pool  
  17  1:16  Drone  
  17  1:20  Drone  
  18  1:27  Drone  
  19  1:38  Drone  
  20  1:49  Drone  
  21  1:59  Queen  
  21  2:00  Queen, Zergling x2  
  26  2:01  Overlord  
  26  2:12  Spine Crawler  
  26  2:13  Zergling x2  
  26  2:17  Zergling x2  
  27  2:25  Spine Crawler  
  27  2:29  Zergling x4  
  28  2:36  Spine Crawler  
  27  2:40  Zergling x2  
  28  2:47  Zergling x4  
  26  2:51  Zergling x2  
  26  2:57  Zergling x4  
  29  3:04  Zergling x2  
  28  3:09  Zergling x2  

Tags
 
Add a new tag
Caveats
  • Supply blocks, unpowered buildings, or Contaminate may cause inaccurate times.
  • Supply counts are checked every 10 seconds.